 Dungeon Crawl Stone Soup version 0.28.0 (webtiles) character file.

Game seed: 14012963875263892758

954 crazypyro the Cleaver (level 7, 0/61 HPs)
             Began as a Minotaur Fighter on Feb 8, 2022.
             Was an Initiate of Makhleb.
             Succumbed to a scorpion's poison
             ... on level 5 of the Dungeon.
             The game lasted 00:03:12 (4510 turns).

crazypyro the Cleaver (Minotaur Fighter)            Turns: 4510, Time: 00:03:13

Health: 0/61       AC:  9    Str: 23    XL:     7   Next: 91%
Magic:  6/6        EV:  7    Int:  5    God:    Makhleb [......]
Gold:   168        SH:  4    Dex:  9    Spells: 6/6 levels left

rFire   + . .      SeeInvis .   a - +0 war axe
rCold   + . .      Faith    .   c - +0 buckler
rNeg    . . .      Spirit   .   q - +0 chain mail
rPois   .          Reflect  .   (helmet restricted)
rElec   .          Harm     .   e - scarf {rC+ rF+}
rCorr   .          Rampage  .   (no gloves)
Will    .....                   (no boots)
Stlth   ..........              (no amulet)
HPRegen 0.20/turn               (no ring)
MPRegen 0.10/turn               (no ring)

@: lethally poisoned (0 -> -11)
A: horns 2, retaliatory headbutt
a: Renounce Religion


You were on level 5 of the Dungeon.
You worshipped Makhleb.
Makhleb was noncommittal.
You visited 2 branches of the dungeon, and saw 6 of its levels.

You collected 168 gold pieces.

Inventory:

Hand Weapons
 a - a +0 war axe (weapon)
Armour
 b - a +0 scale mail
 c - a +0 buckler (worn)
 e - a scarf of resistance (worn)
 q - a +0 chain mail (worn)
Wands
 m - a wand of polymorph (9)
 r - a wand of flame (23)
 t - a wand of iceblast (15)
Scrolls
 f - 6 scrolls of teleportation
 i - a scroll of magic mapping {unknown}
 j - 2 scrolls of identify {unknown}
 k - a scroll of amnesia {unknown}
 o - a scroll of acquirement {unknown}
Potions
 d - 2 potions of might
 g - 2 potions of resistance {unknown}
 h - 2 potions of degeneration {unknown}
 l - a potion of flight {unknown}
 n - a potion of invisibility {unknown}
 p - a potion of mutation {unknown}
 s - 2 potions of lignification {unknown}


   Skills:
 + Level 5.2 Fighting
 * Level 10.2 Axes
 - Level 4.0 Armour
 - Level 4.0 Shields


You had 6 spell levels left.
You didn't know any spells.
Your spell library contained the following spells:

 Spells                   Type           Power      Damage    Failure   Level
 Shock                    Conj/Air       0%         1d3       99%         1
 Tukima's Dance           Hex            0%         N/A       100%        3
 Fulminant Prism          Conj/Hex       0%         3d6       100%        4
 Passage of Golubria      Tloc           0%         N/A       100%        4
 Summon Lightning Spire   Summ/Air       0%         N/A       100%        4
 Yara's Violent Unravell  Hex/Tmut       0%         3d3       100%        5
 Conjure Ball Lightning   Conj/Air       0%         3x3d6     100%        6
 Storm Form               Tmut/Air       0%         N/A       100%        7
 Maxwell's Capacitive Co  Air            0%         ∞         100%        8
 Dragon's Call            Summ           0%         N/A       100%        9


Dungeon Overview and Level Annotations

Branches:
Dungeon (5/15)             Temple (1/1) D:4

Altars:
Fedhas
Hepliaklqana
Kikubaaqudgha
Makhleb
Ru
Sif Muna
Uskayaw
Vehumet
Wu Jian
Zin
The Shining One

Annotations:
D:5 Prince Ribbit


Innate Abilities, Weirdness & Mutations

You have a pair of horns on your head.
You reflexively headbutt those who attack you in melee.


Message History

You hit Prince Ribbit. Your headbutt misses Prince Ribbit.
Prince Ribbit is lightly wounded.
Prince Ribbit hits you!
A gargoyle comes into view. It is wielding a +0 mace.
Prince Ribbit blinks!
Found 13 gold pieces.
You barely miss the scorpion. The scorpion stings you.
Prince Ribbit croaks regally.
The scorpion stings you.
You slash the scorpion!
The scorpion is moderately wounded.
Prince Ribbit blinks!
The scorpion stings you but does no damage.
You barely miss the scorpion. You headbutt the scorpion.
The scorpion is heavily wounded.
The scorpion stings you.
You are poisoned.
The scorpion poisons you! Prince Ribbit completely misses you.
You hit the scorpion.
The scorpion is severely wounded.
You hit the gargoyle but do no damage. You closely miss Prince Ribbit.
You feel sick. The scorpion stings you.
You are more poisoned.
The scorpion poisons you! Prince Ribbit hits you.
The gargoyle hurls a stone arrow at you.
The stone arrow hits you!
You are too injured to fight recklessly!
You hit the gargoyle.
The gargoyle is lightly damaged.
You hit the scorpion but do no damage. You barely miss Prince Ribbit.
You feel very sick.
The scorpion stings you but does no damage.
Prince Ribbit hits you but does no damage.
The gargoyle hits you with a +0 mace!!
* * * LOW HITPOINT WARNING * * *
You block the scorpion's attack. Prince Ribbit barely misses you.
You slice Prince Ribbit!! Your headbutt misses Prince Ribbit.
Prince Ribbit is heavily wounded.
You completely miss the scorpion. You hit the gargoyle.
You die...

#.##### #.#
#$.........# #.#
........... #.#
#..$....... #.#
.......... #.#
#........#
#.###########......#
#.......(...##9s.#
#########..###@#
#.## #F#
##.####.#####.
#..##.........#
#.....#########
#######


You could see Prince Ribbit, a gargoyle and a scorpion.

Vanquished Creatures
  Sigmund (D:4)
  Duvessa (D:5)
  A bullfrog (D:5)
  Dowan (D:5)
  A bullfrog zombie (D:5)
  A hound (D:5)
  A bullfrog skeleton (D:4)
  A centaur zombie (D:5)
  An orc priest (D:4)
  4 iguanas
  Ijyb (D:4)
  2 orc wizards
  A hound skeleton (D:4)
  4 gnolls (D:2)
  5 adders
  An ufetubus (D:3)
  A worm (D:3)
  2 dart slugs
  19 orcs
  5 ball pythons
  4 endoplasms
  6 giant cockroaches
  2 goblins
  8 hobgoblins
  21 jackals
  3 quokkas
  6 bats
  6 frilled lizards
  5 kobolds
  8 rats
123 creatures vanquished.

Notes
Turn   | Place    | Note
-------+----------+-------------------------------------------
     0 | D:1      | crazypyro the Minotaur Fighter began the quest for the Orb.
     0 | D:1      | Reached XP level 1. HP: 19/19 MP: 0/0
   146 | D:1      | Reached XP level 2. HP: 19/27 MP: 1/1
   424 | D:1      | Reached skill level 3 in Axes
   437 | D:1      | Reached XP level 3. HP: 33/33 MP: 2/2
   825 | D:2      | Found a faded altar of an unknown god.
  1020 | D:2      | Reached skill level 4 in Axes
  1025 | D:2      | Reached XP level 4. HP: 27/40 MP: 3/3
  1417 | D:2      | Reached skill level 5 in Axes
  1933 | D:3      | Reached XP level 5. HP: 33/46 MP: 4/4
  2364 | D:3      | Reached skill level 6 in Axes
  2445 | D:3      | Got the Handbook of the Harmful Entourage
  2629 | D:4      | Reached skill level 7 in Axes
  2629 | D:4      | Reached XP level 6. HP: 46/52 MP: 5/5
  2960 | D:4      | Found a staircase to the Ecumenical Temple.
  2968 | D:4      | Noticed Ijyb
  2977 | D:4      | Killed Ijyb
  2989 | Temple   | Entered the Ecumenical Temple
  3065 | Temple   | Became a worshipper of Makhleb the Destroyer
  3226 | D:4      | Noticed Sigmund
  3238 | D:4      | Killed Sigmund
  3239 | D:4      | Reached skill level 8 in Axes
  3239 | D:4      | Reached XP level 7. HP: 12/59 MP: 6/6
  3656 | D:4      | Found an ornate altar of the Wu Jian Council.
  3837 | D:5      | Entered Level 5 of the Dungeon
  3851 | D:5      | Reached skill level 9 in Axes
  3993 | D:5      | Noticed Duvessa
  3993 | D:5      | Noticed Dowan
  4003 | D:5      | Killed Duvessa
  4004 | D:5      | Killed Dowan
  4011 | D:5      | Reached skill level 5 in Fighting
  4011 | D:5      | Reached skill level 10 in Axes
  4500 | D:5      | Noticed Prince Ribbit
  4503 | D:5      | Noticed a gargoyle
  4509 | D:5      | HP: 2/61 [gargoyle (18)]
  4510 | D:5      | Succumbed to a scorpion's poison

Illustrated notes

Levels and vault maps discovered:
D:1:      lightli_arrival_boilingwater, layout_basic
D:2:      layout_basic, shapermc_ecumenical_altar_ellora
D:3:      layout_loops_ring, minmay_misc_feat_alley, lightli_corner_chamber
D:4:      layout_loops_ring, kennysheep_mini_moat, minmay_temple_entry_wispy,
          supply_closet_lemuel, hangedman_abyss_or_decor_lesser_grid,
          uniq_sigmund, uniq_ijyb
D:5:      minmay_skewed_foursquare, layout_rooms, sigmund_army,
          uniq_prince_ribbit1, uniq_duvessa, uniq_menkaure
Temple:   mainiacjoe_temple_archimedes_tessellation

Skill      XL: |  1  2  3  4  5  6  7 |
---------------+----------------------+-----
Fighting       | 4 5 |  5.2
Armour         | 4 |  4.0
Shields        | 4 |  4.0
Axes           | 3 4 5 7 8 10 | 10.2

Action                   |  1- 3 |  4- 6 |  7- 9 || total
-------------------------+-------+-------+-------++-------
Melee: War axe           |    88 |   131 |    50 ||   269
       Headbutt          |    13 |    27 |    13 ||    53
  Use: Scroll            |     1 |     1 |       ||     2
Armor: Scale mail        |    54 |    60 |     2 ||   116
       Chain mail        |       |       |    25 ||    25
Dodge: Dodged            |    50 |    65 |    22 ||   137
Block: Buckler           |    33 |    21 |    13 ||    67
